 Dungeon Crawl Stone Soup version 0.29-a0-344-ge2f44be95a (webtiles) character file.

Game seed: 300672265412337989

2695 zeratav the Destroyer (level 9, -7/55 HPs)
             Began as an Octopode Conjurer on Apr 22, 2022.
             Was an Initiate of Gozag.
             Killed from afar by an orc warrior (29 damage)
             ... with a bolt of acid
             ... on level 7 of the Dungeon.
             The game lasted 00:15:45 (8204 turns).

zeratav the Destroyer (Octopode Conjurer)           Turns: 8204, Time: 00:15:46

Health: -7/55      AC: -3    Str:  9    XL:     9   Next: 65%
Magic:  9/16       EV: 17    Int: 29    God:    Gozag
Gold:   847        SH:  0    Dex: 10    Spells: 11/18 levels left

rFire   + . .      SeeInvis .   C - +10 rapier of Ashenzari, Protecting {speed, Str+3 Int+4, short}
rCold   . . .      Faith    .   (no shield)
rNeg    . . .      Spirit   .   (helmet restricted)
rPois   .          Reflect  .   (no amulet)
rElec   .          Harm     .   i - +4 ring of evasion
rCorr   .          Rampage  .   b - ring of protection from fire
Will    .....                   (no ring)
Stlth   ++++......              (no ring)
HPRegen 0.18/turn               (no ring)
MPRegen 0.15/turn               (no ring)
                                (no ring)
                                (no ring)

@: corroded, gold aura
A: almost no armour, amphibious, 8 rings, camouflage 1, gelatinous body 1,
(nimble swimmer 1), tentacles
a: Renounce Religion, Potion Petition, Call Merchant, Bribe Branch


You were on level 7 of the Dungeon.
You worshipped Gozag.
Gozag was pleased with you.
You visited 2 branches of the dungeon, and saw 8 of its levels.

You collected 857 gold pieces.
You paid 10 gold pieces to Gozag.


Innate Abilities, Weirdness & Mutations

You cannot wear most types of armour.
You are amphibious.
You can wear up to eight rings at the same time.
Your skin changes colour to match your surroundings (Stealth+).
Your rubbery body absorbs attacks. (AC +1, EV +1)
((You are camouflaged when in or above water. (Stealth+)))
You have tentacles for arms and can constrict up to eight enemies at once.


   Skills:
 + Level 2.6 Fighting
 + Level 3.4 Dodging
 + Level 4.9 Stealth
 - Level 5.0 Spellcasting
 * Level 10.6 Conjurations
 - Level 4.0 Translocations


You had 11 spell levels left.
You knew the following spells:

 Your Spells              Type           Power      Damage    Failure   Level
a - Magic Dart            Conj           100%       1d8       1%          1
b - Searing Ray           Conj           100%       2d8       1%          2
c - Iskenderun's Mystic   Conj/Tloc      49%        2d11      3%          4

Your spell library contained the following spells:

 Spells                   Type           Power      Damage    Failure   Level
 Dazzling Flash           Conj/Hex       76%        N/A       1%          3
 Gell's Gravitas          Tloc           30%        N/A       3%          3
 Lesser Beckoning         Tloc           30%        N/A       3%          3
 Teleport Other           Tloc           30%        N/A       3%          3
 Fulminant Prism          Conj/Hex       19%        3d11      7%          4
 Ozocubu's Armour         Ice            7%         N/A       19%         3
 Metabolic Englaciation   Hex/Ice        3%         N/A       86%         5
 Simulacrum               Ice/Necr       3%         N/A       100%        6

Inventory:

Hand Weapons
 C - the +10 rapier of Ashenzari, Protecting (weapon) {speed, Str+3 Int+4, short}
   (You took it off an orc on level 6 of the Dungeon)

   Attacks with this weapon are significantly faster.
   Str:       It affects your strength (+3).
   Int:       It affects your intelligence (+4).
Magical Staves
 x - a staff of conjuration {@e2staff}
   (You found it on level 3 of the Dungeon)
Jewellery
 b - a ring of protection from fire (right tentacle)
   (You found it on level 1 of the Dungeon)
 i - a +4 ring of evasion (left tentacle)
   (You found it on level 1 of the Dungeon)
 D - a ring of fire
   (You found it on level 6 of the Dungeon)
Wands
 d - a wand of mindburst (17)
   (You found it on level 6 of the Dungeon)
 k - a wand of flame (14)
   (You took it off Sigmund on level 4 of the Dungeon)
 z - a wand of digging (5)
   (You took it off Ijyb on level 3 of the Dungeon)
Scrolls
 a - a scroll of brand weapon {unknown}
 f - 2 scrolls of magic mapping {unknown}
 g - a scroll of vulnerability {unknown}
 j - a scroll of amnesia {unknown}
 n - 3 scrolls of fog {unknown}
 q - a scroll of acquirement {unknown}
 s - a scroll of torment {unknown}
 t - 2 scrolls of teleportation {unknown}
 u - a scroll of enchant armour {unknown}
 y - 2 scrolls of fear {unknown}
Potions
 c - 3 potions of heal wounds {@q2}
 e - 2 potions of might
 m - 3 potions of brilliance
 o - 3 potions of flight {unknown}
 p - 2 potions of resistance {unknown}
 v - a potion of cancellation {unknown}
 w - 5 potions of curing {@q1}
 A - a potion of invisibility {unknown}
 B - 2 potions of haste {unknown}

Dungeon Overview and Level Annotations

Branches:
Dungeon (7/15)             Temple (1/1) D:4

Altars:
Ashenzari
Cheibriados
Dithmenos
Elyvilon
Fedhas
Gozag
Hepliaklqana
Kikubaaqudgha
Makhleb
Nemelex Xobeh
Okawaru
Qazlal
Ru
Sif Muna
Trog
Uskayaw
Vehumet
Wu Jian
Xom
Yredelemnul
The Shining One

#### #.. .... ## ..# #.#
...##. ....####.# ##
..#.. #....<.# .### $....
#......###...# ...##...
#......@..##.## #..##...
#......##.##..###..##...
#......##.o##...#..#...)
........###.$...o...#....
.........#
###$.$....#....
##.....### #.........#..
#.##.. #.........##. #.
#?. #...........#
#.........#.#


You could see an orc warrior.


Message History

The searing ray hits the orc!
You kill the orc!
The searing ray hits the orc!
You kill the orc! (Press . to maintain the ray.) MP[-2]
You lost 2 mp, and now have 8/16 mp.
You start resting.
HP[+9] MP[+8]
You regained 9 hp, and now have 44/55 hp.
Your mp is fully restored (16).
You start resting.
A jelly is nearby!
HP[+1]
Things that are here:
6 gold pieces; a +0 club {mace}; a +0 leather armour The magic dart hits the jelly!
The jelly quivers.
The jelly jiggles.
MP[-1]
You lost 1 mp, and now have 15/16 mp.
Casting: Magic Dart (safe; 1% risk of failure)
Confirm with . or Enter, or press ? or * to list all spells.
Aiming: Searing Ray (safe; 1% risk of failure)
Press: ? - help, Shift-Dir - straight line, f/p - jelly
Aim: a jelly (heavily wounded, 100% to hit)
The searing ray hits the jelly!
You kill the jelly! (Press . to maintain the ray.) HP[+1] MP[-2]
You lost 2 mp, and now have 13/16 mp.
You now have 847 gold pieces (gained 6).
Things that are here:
a +0 club {mace}; a +0 leather armour An orc comes into view.
It is wielding a +0 dagger.
Items here: $ ) ? [.
HP[+9] MP[+3]
Your hp is fully restored (55).
Your mp is fully restored (16).
The orc shouts!
The magic dart hits the orc.
The orc shouts!
You hear a shout!
An orc warrior comes into view.
It is wielding a +0 battleaxe and carrying a wand of acid (5).
MP[-1]
You lost 1 mp, and now have 15/16 mp.
The magic dart hits the orc.
MP[-1]
You lost 1 mp, and now have 14/16 mp.
The magic dart hits the orc.
MP[-1]
You lost 1 mp, and now have 13/16 mp.
The magic dart hits the orc!
You kill the orc!
MP[-1]
You lost 1 mp, and now have 12/16 mp.
Things that are here:
a +0 club {mace}; a +0 leather armour MP[+1]
Casting: Magic Dart (safe; 1% risk of failure)
Confirm with . or Enter, or press ? or * to list all spells.
You can't see any susceptible monsters within range! (Use Z to cast anyway.)
Casting: Magic Dart (safe; 1% risk of failure)
Confirm with . or Enter, or press ? or * to list all spells.
Okay, then.
Casting: Magic Dart (safe; 1% risk of failure)
Confirm with . or Enter, or press ? or * to list all spells.
Aiming: Searing Ray (safe; 1% risk of failure)
Press: ? - help, Shift-Dir - straight line, f - orc warrior
Aim: an orc warrior, wielding a +0 battleaxe, wearing a +0 plate armour and carrying a wand of acid (5) (83% to hit)
The searing ray hits the orc warrior but does no damage. (Press . to maintain the ray.)
The orc warrior zaps a wand.
The bolt of acid hits the orc!!
The acid corrodes the orc!
The orc dies!
The bolt of acid hits you!
HP[-14] MP[-2]
You take 14 damage, and now have 41/55 hp.
MASSIVE DAMAGE!! (PAUSE)
You lost 2 mp, and now have 11/16 mp.
The searing ray hits the orc warrior!
HP[+1] MP[-1]
You lost 1 mp, and now have 10/16 mp.
The searing ray hits the orc warrior but does no damage.
MP[-1]
You lost 1 mp, and now have 9/16 mp.
The searing ray hits the orc warrior but does no damage.
You finish channelling your searing ray.
The orc warrior zaps a wand.
The bolt of acid hits you!!
* * * LOW HITPOINT WARNING * * *
The acid corrodes you!
HP[-20]
You take 20 damage, and now have 22/55 hp.
MASSIVE DAMAGE!! (PAUSE)
Casting: Searing Ray (safe; 1% risk of failure)
Confirm with . or Enter, or press ? or * to list all spells.
Okay, then.
The orc warrior zaps a wand.
The bolt of acid hits you!!
Ouch! That really hurt!
You die...
Your body crumbles into a pile of gold.

Skill      XL: |  1  2  3  4  5  6  7  8  9 |
---------------+----------------------------+-----
Spellcasting   | 3 4 5 |  5.0
Conjurations   | 5 6 7 10 | 10.6
Translocations | 1 2 4 |  4.0
Fighting       | 1 2 |  2.6
Stealth        | 3 4 |  4.9
Dodging        | 3 |  3.4

Action                   |  1- 3 |  4- 6 |  7- 9 || total
-------------------------+-------+-------+-------++-------
Melee: Unarmed           |     2 |       |       ||     2
       Constrict         |     3 |     2 |     2 ||     7
       Short sword       |     6 |     7 |       ||    13
       Tentacles         |       |     2 |     1 ||     3
       Punch             |       |     1 |       ||     1
       Staff             |       |       |     7 ||     7
 Cast: Magic Dart        |    57 |    70 |   120 ||   247
       Searing Ray       |     2 |    10 |    25 ||    37
       Iskenderun's Myst |       |       |    11 ||    11
  Use: Scroll            |       |       |     4 ||     4
       Potion            |       |       |     1 ||     1
Armor: Skin              |     1 |       |       ||     1
Dodge: Dodged            |     4 |    10 |    41 ||    55

Levels and vault maps discovered:
D:1:      nicolae_arrival_washed_ashore, layout_rooms
D:2:      minmay_diamond_boxcup, layout_basic, basic_altar, minmay_door_square,
          minmay_cut_off, uniq_terence, uniq_crazy_yiuf_cottage
D:3:      layout_loops_corners, hangedman_abyss_or_decor_stabs, uniq_ijyb
D:4:      layout_basic, minmay_temple_entry_glass, uniq_sigmund, uniq_grinder
D:5:      layout_loops_ring
D:6:      layout_cave_pools
D:7:      layout_rooms
Temple:   mainiacjoe_temple_archimedes_tessellation

Notes
Turn   | Place    | Note
-------+----------+-------------------------------------------
     0 | D:1      | zeratav the Octopode Conjurer began the quest for the Orb.
     0 | D:1      | Reached XP level 1. HP: 11/11 MP: 3/3
     0 | D:1      | magus.rc [v1.9.6]
   148 | D:1      | Reached XP level 2. HP: 17/17 MP: 3/5
   148 | D:1      | You pick up a book of Winter and begin reading...
   148 | D:1      | You add the spells Ozocubu's Armour, Metabolic Englaciation
                  | and Simulacrum to your library.
   585 | D:1      | Reached XP level 3. HP: 21/21 MP: 3/6
   726 | D:1      | Learned a level 2 spell: Searing Ray
   870 | D:2      | Found an opulent altar of Gozag.
  1302 | D:2      | Noticed Terence
  1312 | D:2      | Killed Terence
  1313 | D:2      | Reached skill level 3 in Spellcasting
  1313 | D:2      | Reached XP level 4. HP: 17/27 MP: 1/8
  1481 | D:2      | Became a worshipper of Gozag Ym Sagoz the Greedy
  1634 | D:2      | Found a runed translucent door.
  1635 | D:2      | Noticed Crazy Yiuf
  2233 | D:2      | Reached skill level 5 in Conjurations
  2410 | D:2      | Killed Crazy Yiuf
  2411 | D:2      | Reached XP level 5. HP: 16/31 MP: 1/10
  3073 | D:3      | Reached skill level 1 in Translocations
  3430 | D:3      | Noticed Ijyb
  3439 | D:3      | Killed Ijyb
  3440 | D:3      | Reached skill level 4 in Spellcasting
  3440 | D:3      | Reached XP level 6. HP: 36/36 MP: 2/12
  3921 | D:4      | Noticed Grinder
  3925 | D:4      | Killed Grinder
  3926 | D:4      | Reached skill level 6 in Conjurations
  3926 | D:4      | Reached skill level 2 in Translocations
  4045 | D:4      | Reached XP level 7. HP: 25/41 MP: 4/13
  4233 | D:4      | You pick up a book of Displacement and begin reading...
  4233 | D:4      | You add the spells Lesser Beckoning, Gell's Gravitas and
                  | Teleport Other to your library.
  4263 | D:4      | Identified a +0 robe of the Archmagi
  4263 | D:4      | Noticed Sigmund
  4275 | D:4      | Killed Sigmund
  4276 | D:4      | Reached skill level 5 in Spellcasting
  4276 | D:4      | Reached skill level 3 in Translocations
  4658 | D:4      | Identified the +1 robe of the Jumping Gods {rPois rF+
                  | Dex+3}
  4924 | D:4      | Found a staircase to the Ecumenical Temple.
  5058 | Temple   | Entered the Ecumenical Temple
  5319 | D:5      | Entered Level 5 of the Dungeon
  5428 | D:5      | Reached skill level 4 in Translocations
  5434 | D:5      | Reached skill level 7 in Conjurations
  5434 | D:5      | Reached XP level 8. HP: 46/46 MP: 4/15
  5916 | D:5      | Learned a level 4 spell: Iskenderun's Mystic Blast
  5980 | D:5      | Reached skill level 8 in Conjurations
  6486 | D:6      | HP: 11/46 [poisoned by a water moccasin]
  6491 | D:6      | HP: 7/46 [poisoned by a water moccasin]
  6815 | D:6      | Noticed a two-headed ogre
  7012 | D:6      | Killed a two-headed ogre
  7013 | D:6      | Reached skill level 10 in Conjurations
  7013 | D:6      | Reached skill level 1 in Fighting
  7013 | D:6      | Reached skill level 3 in Stealth
  7013 | D:6      | Reached XP level 9. HP: 35/53 MP: 0/16
  7216 | D:6      | Identified the +7 short sword "Few Elli" {vorpal, rElec
                  | rCorr MP-9 Dex-5}
  7412 | D:6      | Identified the +10 rapier of Ashenzari, Protecting {speed,
                  | Str+3 Int+4}
  7424 | D:6      | Reached skill level 4 in Stealth
  7910 | D:7      | Reached skill level 2 in Fighting
  7910 | D:7      | Reached skill level 3 in Dodging
  8204 | D:7      | Killed from afar by an orc warrior

Vanquished Creatures
  A two-headed ogre (D:6)
  Grinder (D:4)
  Sigmund (D:4)
  A wyvern (D:7)
  A steam dragon (D:6)
  2 water moccasins (D:6)
  2 black bears (D:7)
  2 ogres (D:5)
  A bullfrog (D:7)
  A kobold brigand (D:6)
  A necrophage (D:4)
  A scorpion (D:4)
  A howler monkey (D:6)
  Crazy Yiuf (D:2)
  4 iguanas
  3 orc priests
  3 jellies
  Terence (D:2)
  Ijyb (D:3)
  2 orc wizards
  3 gnolls (D:5)
  7 adders
  3 ufetubi
  A worm (D:2)
  5 dart slugs
  19 orcs
  4 bats
  5 endoplasms
  5 giant cockroaches
  9 goblins
  5 hobgoblins
  3 jackals (D:1)
  5 quokkas
  6 ball pythons
  3 frilled lizards (D:2)
  10 kobolds
  9 rats
133 creatures vanquished.

Vanquished Creatures (others)
  An orc (D:7)
1 creature vanquished.

Grand Total: 134 creatures vanquished

Table legend:
 A = Non-vault XP
 B = Vault XP
 C = Vault XP percentage of total XP
 D = Non-vault monster count
 E = Vault monster count
 F = Vault count percentage of total count
                 A         B        C        D         E       F
            +---------+---------+-------+---------+---------+-------
      Total |    3211 |     640 |  16.6 |     119 |      14 |  10.5
            +---------+---------+-------+---------+---------+-------
        D:1 |      45 |       0 |   0.0 |      26 |       0 |   0.0
        D:2 |      18 |     112 |  86.2 |      12 |      11 |  47.8
        D:3 |     131 |      36 |  21.6 |      18 |       1 |   5.3
        D:4 |     333 |     492 |  59.6 |      21 |       2 |   8.7
        D:5 |     423 |       0 |   0.0 |      13 |       0 |   0.0
        D:6 |    1643 |       0 |   0.0 |      20 |       0 |   0.0
        D:7 |     618 |       0 |   0.0 |       9 |       0 |   0.0
            +---------+---------+-------+---------+---------+-------

Illustrated notes

Table legend:
 A = Kills in this place as a percentage of kills in entire the game.
 B = Kills by you in this place as a percentage of kills by you in the entire game.
 C = Kills by friends in this place as a percentage of kills by friends in the entire game.
 D = Other kills in this place as a percentage of other kills in the entire game.
 E = Experience gained in this place as a percentage of experience gained in the entire game.
 F = Experience gained in this place divided by the number of levels of this place that you have seen.
                   A       B       C       D       E      F
               +-------+-------+-------+-------+-------+----------------------
         Total | 100.0 | 100.0 |   N/A |   N/A | 100.0 | 481.4
       Dungeon | 100.0 | 100.0 |   N/A |   N/A | 100.0 | 550.1
               +-------+-------+-------+-------+-------+----------------------

Table legend: (Time is in decaauts)
 A = Elapsed time spent in this place.
 B = Non-inter-level travel time spent in this place.
 C = Inter-level travel time spent in this place.
 D = Time resting spent in this place.
 E = Time spent auto-exploring this place.
 F = Levels seen in this place.
 G = Mean time per level.
                   A        B        C        D        E       F      G
               +--------+--------+--------+--------+--------+-----+--------+
         Total |   8204 |   7868 |    336 |   1111 |   5871 |   8 | 1025.5 |
       Dungeon |   7962 |   7683 |    279 |   1111 |   5705 |   7 | 1137.4 |
        Temple |    242 |    186 |     56 |      0 |    166 |   1 |  242.0 |
               +--------+--------+--------+--------+--------+-----+--------+

Top non-repeatable levels by time:
     D:2: 1718 daAuts
     D:4: 1387 daAuts
     D:6: 1303 daAuts
     D:3: 1281 daAuts
     D:5: 1087 daAuts
     D:1: 868 daAuts
     D:7: 316 daAuts
  Temple: 242 daAuts
